 Dungeon Crawl Stone Soup version 0.29-a0-330-g52719c12eb (webtiles) character file.

Game seed: 5900296009559872612

85 zishaf the Sneak (level 4, -1/23 HPs)
             Began as a Vine Stalker Brigand on Apr 12, 2022.
             Slain by an iguana (11 damage)
             ... on level 3 of the Dungeon.
             The game lasted 00:02:32 (2177 turns).

zishaf the Sneak (Vine Stalker Brigand)             Turns: 2177, Time: 00:02:33

Health: -1/23      AC:  6    Str: 14    XL:     4   Next: 48%
Magic:  0/5        EV: 10    Int: 11    God:
Gold:   73         SH:  0    Dex: 17    Spells: 3/3 levels left

rFire   . . .      SeeInvis .   a - +2 dagger
rCold   . . .      Faith    .   (no shield)
rNeg    . . .      Spirit   +   n - +0 ring mail
rPois   .          Reflect  .   (no helmet)
rElec   .          Harm     .   c - +0 cloak
rCorr   .          Rampage  .   (no gloves)
Will    +....                   (no boots)
Stlth   +++.......              i - amulet of the acrobat
HPRegen 0.87/turn               g - ring of willpower
MPRegen 0.09/turn               (no ring)

@: no status effects
A: fangs 2, regeneration 1, magic shield, antimagic bite, no potion heal 2
a: no special abilities


You were on level 3 of the Dungeon.
You visited 1 branch of the dungeon, and saw 3 of its levels.

You collected 73 gold pieces.

Inventory:

Hand Weapons
 a - a +2 dagger (weapon)
 b - a +0 hunting sling of freezing
Missiles
 d - 9 poisoned darts (quivered)
 e - 3 curare-tipped darts
Armour
 c - a +0 cloak (worn)
 n - a +0 ring mail (worn)
Jewellery
 g - a ring of willpower (left hand)
 i - an amulet of the acrobat (around neck)
Scrolls
 f - a scroll of enchant weapon {unknown}
 l - 6 scrolls of identify {unknown}
 m - 2 scrolls of fear {unknown}
 q - 2 scrolls of vulnerability {unknown}
 r - a scroll of teleportation {unknown}
Potions
 h - 5 potions of curing {unknown}
 j - a potion of flight {unknown}
 k - a potion of brilliance {unknown}
 t - a potion of haste {unknown}


   Skills:
 + Level 2.7 Fighting
 + Level 2.7 Short Blades
 - Level 1.8 Throwing
 - Level 1.0 Dodging
 + Level 5.7 Stealth


You had 3 spell levels left.
You didn't know any spells.
Your spell library contained the following spells:

 Spells                   Type           Power      Damage    Failure   Level
 Animate Armour           Summ/Erth      0%         N/A       100%        4
 Blade Hands              Tmut           0%         N/A       100%        5
 Iron Shot                Conj/Erth      0%         9d1       100%        6


Dungeon Overview and Level Annotations

Branches:
Dungeon (3/15)

Altars:


Innate Abilities, Weirdness & Mutations

You have extremely sharp teeth.
Your natural rate of healing is unusually fast.
When hurt, damage is shared between your health and your magic reserves.
Your bite disrupts and absorbs the magic of your enemies.
Potions cannot restore your health.


Message History

You finish taking off your +0 chain mail.
You start putting on your armour.
You continue putting on your +0 ring mail. x5
You finish putting on your +0 ring mail.
You drop a +0 robe.
You drop a +0 scale mail.
You drop a +0 chain mail.
Found 6 silver javelins.
No target in view!
An iguana and an adder come into view.
Found 20 stones.
You hit the adder. Your bite misses the adder.
The adder is moderately wounded.
The adder bites you. The adder barely misses you.
You closely miss the adder. You bite the adder. You drain its power.
The adder is almost dead.
The iguana hisses angrily.
The adder bites you but does no damage.
You hit the adder.
You kill the adder!
Found 3 gold pieces.
The iguana misses you.
You hit the iguana.
The iguana is lightly wounded.
The iguana bites you.
You barely miss the iguana.
The iguana is lightly wounded.
The iguana bites you!
You completely miss the iguana. Your bite misses the iguana.
The iguana is lightly wounded.
The iguana barely misses you.
You hit the iguana but do no damage. Your bite misses the iguana.
The iguana is lightly wounded.
The iguana closely misses you.
You hit the iguana. Your bite misses the iguana.
The iguana is moderately wounded.
The iguana bites you!
You hit the iguana. Your bite misses the iguana.
The iguana is moderately wounded.
The iguana bites you!
You die...

######
##.....#.....##
##.............###
#.................
#.................
#.........$.......
#....(............
##.................
#..........@l......
#........#......(..
###......######.#....
#...###..# .# ..$
###.### #..### # .
#.[.# #.... ##.###
...### ....# ##...#
....# ##.†..###


You could see an iguana.

Vanquished Creatures
  4 adders
  A dart slug (D:1)
  4 endoplasms
  2 giant cockroaches (D:1)
  4 hobgoblins
  2 jackals (D:2)
  3 kobolds (D:1)
  3 quokkas
  6 ball pythons
  3 bats
  2 frilled lizards (D:2)
  4 goblins
  10 rats
48 creatures vanquished.

Notes
Turn   | Place    | Note
-------+----------+-------------------------------------------
     0 | D:1      | zishaf the Vine Stalker Brigand began the quest for the
                  | Orb.
     0 | D:1      | Reached XP level 1. HP: 11/11 MP: 2/2
   192 | D:1      | Reached skill level 1 in Dodging
   192 | D:1      | Reached XP level 2. HP: 14/15 MP: 1/3
   291 | D:1      | Reached skill level 5 in Stealth
   943 | D:1      | Reached XP level 3. HP: 18/18 MP: 4/4
  1602 | D:2      | Gained mutation: Your natural rate of healing is unusually
                  | fast. [Vine Stalker growth]
  1602 | D:2      | Reached XP level 4. HP: 20/23 MP: 5/5
  2177 | D:3      | Slain by an iguana

Illustrated notes

Levels and vault maps discovered:
D:1:      minmay_arrival_pointy, layout_loops_corners
D:2:      layout_basic
D:3:      layout_rooms, serial_shops, nicolae_diamond_shop

Skill      XL: |  1  2 |
---------------+-------+-----
Fighting       | 2 |  2.7
Short Blades   | 2 |  2.7
Dodging        | 1 |  1.0
Stealth        | 5 |  5.7
Throwing       | |  1.8

Action                   |  1- 3 |  4- 6 || total
-------------------------+-------+-------++-------
Melee: Dagger            |    91 |    28 ||   119
       Bite              |    20 |     7 ||    27
       Punch             |     1 |       ||     1
 Stab: Sleeping          |    12 |     2 ||    14
Armor: Robe              |     4 |       ||     4
       Ring mail         |    17 |     3 ||    20
Dodge: Dodged            |    45 |    14 ||    59

Table legend: (Time is in decaauts)
 A = Elapsed time spent in this place.
 B = Non-inter-level travel time spent in this place.
 C = Inter-level travel time spent in this place.
 D = Time resting spent in this place.
 E = Time spent auto-exploring this place.
 F = Levels seen in this place.
 G = Mean time per level.
                   A        B        C        D        E       F      G
               +--------+--------+--------+--------+--------+-----+--------+
         Total |   2163 |   2097 |     66 |      0 |   1704 |   3 |  721.0 |
       Dungeon |   2163 |   2097 |     66 |      0 |   1704 |   3 |  721.0 |
               +--------+--------+--------+--------+--------+-----+--------+

Top non-repeatable levels by time:
     D:2: 1010 daAuts
     D:1: 985 daAuts
     D:3: 166 daAuts
